 Dungeon Crawl Stone Soup version 0.31-a0-210-gccc998df9b (webtiles) character file.

Game seed: 10648471129810535187

1325 qw the Cleaver (level 8, -3/52 HPs)
             Began as a Gargoyle Fighter on June 30, 2023.
             Slain by an iguana (9 damage)
             ... on level 6 of the Dungeon.
             The game lasted 00:02:43 (4914 turns).

qw the Cleaver (Gargoyle Fighter)                   Turns: 4914, Time: 00:02:44

Health: -3/52      AC: 15    Str: 23    XL:     8   Next: 60%
Magic:  8/8        EV: 13    Int: 10    God:
Gold:   261        SH:  5    Dex:  9    Spells: 7/7 levels left

rFire   . . .        Y - +1 war axe
rCold   + . .        b - +1 buckler of the Orange Skies {Str+2}
rNeg    + . .        r - +0 chain mail
rPois   inf          o - +0 helmet
rElec   +            (no cloak)
rCorr   .            (no gloves)
SInv    .            (no boots)
Will    .....        (no amulet) Stlth
                     a - +5 ring of evasion
HPRegen 0.28/turn    u - ring of protection from cold
MPRegen 0.11/turn

%: no passive effects
@: about to teleport
A: sickness immunity, AC +5, negative energy resistance 1, electricity
resistance, torment resistance 1, petrification resistance
a: no special abilities


You were on level 6 of the Dungeon.
You visited 1 branch of the dungeon, and saw 6 of its levels.

You collected 297 gold pieces.
You spent 36 gold pieces at shops.


Innate Abilities, Weirdness & Mutations

You are immune to sickness and miasma.
Your stone body is resilient. (AC +5)
You are immune to poison.
You resist negative energy. (rN+)
You are resistant to electric shocks. (rElec)
You are resistant to unholy torment.
You are immune to petrification.


   Skills:
 - Level 6.3 Fighting
 + Level 8.1 Axes
 - Level 3.2 Armour
 - Level 1.4 Dodging
 - Level 3.2 Shields


You had 7 spell levels left.
You didn't know any spells.
Your spell library was empty.

Inventory:

Hand Weapons
 m - a +0 flail
 Y - a +1 war axe (weapon)
Armour
 b - the +1 buckler of the Orange Skies (worn) {Str+2}
   (You acquired it on level 5 of the Dungeon)

   Str:       It affects your strength (+2).
 o - a +0 helmet (worn)
 r - a +0 chain mail (worn)
Jewellery
 a - a +5 ring of evasion (left hand)
 u - a ring of protection from cold (right hand)
Scrolls
 i - a scroll of identify
Potions
 c - a potion of brilliance {unknown}
 d - a potion of might
 e - 2 potions of haste
 g - a potion of cancellation
 h - a potion of resistance
 j - a potion of lignification
 s - a potion of curing
 t - a potion of enlightenment {unknown}

Dungeon Overview and Level Annotations

Branches:
Dungeon (6/15)
 Temple: D:4-7

Altars:
The Shining One

Shops:
D:2 !*

Portals:
Ossuary: D:6

Annotations:
D:6 Maggie


Message History

Maggie hits you with a +0 war axe of flaming.
Maggie burns you. The iguana completely misses you.
You closely miss Maggie.
Maggie is moderately wounded.
You hit the iguana. You block Maggie's attack. The iguana bites you.
You slash Maggie!
Maggie is moderately wounded.
You hit the iguana.
Maggie hits you with a +0 war axe of flaming.
Maggie burns you. The iguana bites you.
You hit Maggie.
Maggie is heavily wounded.
You hit the iguana. You block Maggie's attack. The iguana closely misses you.
You hit Maggie.
Maggie is heavily wounded.
You hit the iguana. You block Maggie's attack. The iguana bites you.
The iguana bites you but does no damage.
Maggie hits you with a +0 war axe of flaming!
Maggie burns you.
You closely miss the iguana.
The iguana is almost dead.
You hit Maggie but do no damage.
You break out of your daze.
Maggie hits you with a +0 war axe of flaming!
Maggie burns you. The iguana barely misses you.
4913 ||| READING scroll of teleportation.
As you read the scroll of teleportation, it crumbles to dust.
You feel strangely unstable.
Maggie mumbles some strange words.
Maggie attempts to bespell you! You resist.
The iguana bites you but does no damage.
You hit the iguana but do no damage.
The iguana is almost dead.
You closely miss Maggie.
Maggie mumbles some strange words.
Maggie attempts to bespell you! You resist. The iguana bites you!
You die...

### ### ... ..# .>
#.# #
###.#####.######
.........>.......
#.#.. #.....#
#...##.....## .
#.@@...\...#
..#..l#)......#
#...##.......#
##..#..#..##.##
#..............
#<##[.##.##..#.###
.....##...##...#
.....#..##.#..##
##....:......#


You could see Maggie and an iguana.

Vanquished Creatures
  2 sky beasts (D:6)
  3 black bears
  2 centaurs (D:6)
  A phantom (D:5)
  3 scorpions
  A hound (D:4)
  A jelly (D:5)
  An orc priest (D:3)
  Ijyb (D:5)
  2 iguanas
  2 orc wizards
  Terence (D:3)
  Robin (D:5)
  A gnoll (D:6)
  8 adders
  A worm (D:3)
  15 orcs
  4 endoplasms
  4 giant cockroaches
  14 goblins
  13 hobgoblins
  15 jackals
  8 kobolds
  5 quokkas
  12 ball pythons
  5 bats
  4 frilled lizards
  8 rats
138 creatures vanquished.

Notes
Turn   | Place    | Note
-------+----------+-------------------------------------------
     0 | D:1      | qw the Gargoyle Fighter began the quest for the Orb.
     0 | D:1      | Reached XP level 1. HP: 14/14 MP: 1/1
     0 | D:1      | 0 ||| qw: Version: 0.3-a-26-gee661ec
     0 | D:1      | 0 ||| qw: Game counter: 7240
     0 | D:1      | 0 ||| qw: Melee chars always use a shield: true
     0 | D:1      | 0 ||| qw: God list: Okawaru
     0 | D:1      | 0 ||| qw: Allow faded altars: false
     0 | D:1      | 0 ||| qw: Do Orc after clearing Dungeon:15 true
     0 | D:1      | 0 ||| qw: Do second Lair branch before Depths: true
     0 | D:1      | 0 ||| qw: Lair rune preference: random
     0 | D:1      | 0 ||| qw: Goals: Normal, Zot:1-4, Slime:5, God:TSO, Crypt,
                  | Tomb, Abyss, Pan, Hells, Win
     0 | D:1      | 0 ||| PLANNING D:1-11
    24 | D:1      | Reached skill level 2 in Axes
   110 | D:1      | Reached XP level 2. HP: 19/19 MP: 2/2
   127 | D:1      | 127 ||| Stepping ~*~*~tactically~*~*~ (stealth).
   210 | D:1      | 210 ||| Stepping ~*~*~tactically~*~*~ (stealth).
   211 | D:1      | 211 ||| Stepping ~*~*~tactically~*~*~ (stealth).
   212 | D:1      | 212 ||| Stepping ~*~*~tactically~*~*~ (stealth).
   223 | D:1      | Reached skill level 3 in Axes
   291 | D:1      | Reached XP level 3. HP: 23/23 MP: 3/3
   358 | D:1      | 358 ||| Stepping ~*~*~tactically~*~*~ (hiding).
   359 | D:1      | 359 ||| Stepping ~*~*~tactically~*~*~ (hiding).
   361 | D:1      | 361 ||| Stepping ~*~*~tactically~*~*~ (stealth).
   393 | D:1      | 393 ||| DROPPING +0 club.
   563 | D:1      | 563 ||| Stepping ~*~*~tactically~*~*~ (stealth).
   712 | D:1      | 712 ||| READING scroll labelled BEWAMU LAFOC.
   715 | D:1      | 715 ||| READING 2 scrolls labelled XINNIA ZONYOD.
   716 | D:1      | 716 ||| READING scroll labelled JOUGOT MUEGICW.
   730 | D:1      | 730 ||| READING scroll labelled YRAL EHEBLO.
   755 | D:2      | Found Qeonusch's Assorted Antiques.
   762 | D:2      | 762 ||| BUYING scroll labelled JAPOGROXIS (18 gold).
   762 | D:2      | Bought a scroll labelled JAPOGROXIS for 18 gold pieces
   762 | D:2      | 762 ||| BUYING scroll labelled ZEMAUVE FENON (18 gold).
   762 | D:2      | Bought a scroll labelled ZEMAUVE FENON for 18 gold pieces
   762 | D:2      | 762 ||| SHOPLISTING scroll of identify (36 gold, have 3).
   931 | D:2      | 931 ||| Stepping ~*~*~tactically~*~*~ (stealth).
   940 | D:2      | 940 ||| Stepping ~*~*~tactically~*~*~ (stealth).
  1107 | D:2      | Reached XP level 4. HP: 28/28 MP: 4/4
  1113 | D:2      | Reached skill level 4 in Axes
  1394 | D:2      | Found Xutajo's Distillery.
  1416 | D:2      | 1416 ||| SHOPLISTING 2 potions of magic (192 gold, have
                  | 25).
  1416 | D:2      | 1416 ||| SHOPLISTING potion of curing (36 gold, have 25).
  1416 | D:2      | 1416 ||| SHOPLISTING potion of magic (96 gold, have 25).
  1416 | D:2      | 1416 ||| SHOPLISTING potion of might (48 gold, have 25).
  1416 | D:2      | 1416 ||| SHOPLISTING potion of mutation (96 gold, have 25).
  1448 | D:2      | 1448 ||| READING scroll labelled JAPOGROXIS.
  1449 | D:2      | 1449 ||| READING scroll labelled ZEMAUVE FENON.
  1450 | D:2      | 1450 ||| READING scroll labelled LIFROE TYAWYTT.
  1451 | D:2      | 1451 ||| DRINKING 2 sapphire potions.
  1452 | D:2      | 1452 ||| READING 2 scrolls of identify.
  1452 | D:2      | 1452 ||| IDENTIFYING bubbling emerald potion
  1468 | D:2      | 1468 ||| UPGRADING to +5 ring of evasion.
  1534 | D:3      | 1534 ||| Stepping ~*~*~tactically~*~*~ (stealth).
  1569 | D:3      | 1569 ||| Stepping ~*~*~tactically~*~*~ (stealth).
  1570 | D:3      | 1570 ||| Stepping ~*~*~tactically~*~*~ (stealth).
  1571 | D:3      | 1571 ||| Stepping ~*~*~tactically~*~*~ (stealth).
  1667 | D:3      | Noticed Terence
  1668 | D:3      | 1668 ||| Stepping ~*~*~tactically~*~*~ (hiding).
  1669 | D:3      | 1669 ||| Stepping ~*~*~tactically~*~*~ (hiding).
  1670 | D:3      | 1670 ||| Stepping ~*~*~tactically~*~*~ (hiding).
  1674 | D:3      | 1674 ||| Stepping ~*~*~tactically~*~*~ (hiding).
  1675 | D:3      | 1675 ||| Stepping ~*~*~tactically~*~*~ (hiding).
  1676 | D:3      | 1676 ||| Stepping ~*~*~tactically~*~*~ (hiding).
  1689 | D:3      | HP: 7/28 [Terence/+0 trident (6)]
  1690 | D:3      | Killed Terence
  1691 | D:3      | Reached XP level 5. HP: 8/32 MP: 5/5
  1821 | D:3      | Reached skill level 5 in Axes
  1950 | D:3      | 1950 ||| Stepping ~*~*~tactically~*~*~ (stealth).
  1956 | D:3      | 1956 ||| Stepping ~*~*~tactically~*~*~ (hiding).
  2480 | D:3      | 2480 ||| READING 2 scrolls of identify.
  2480 | D:3      | 2480 ||| IDENTIFYING inky potion
  2481 | D:3      | 2481 ||| DROPPING potion of berserk rage.
  2518 | D:4      | Reached XP level 6. HP: 38/38 MP: 6/6
  2525 | D:4      | 2525 ||| Stepping ~*~*~tactically~*~*~ (stealth).
  2528 | D:4      | 2528 ||| Stepping ~*~*~tactically~*~*~ (hiding).
  2531 | D:4      | 2531 ||| Stepping ~*~*~tactically~*~*~ (hiding).
  2647 | D:4      | 2647 ||| DROPPING +0 whip.
  2660 | D:4      | 2660 ||| Stepping ~*~*~tactically~*~*~ (stealth).
  2662 | D:4      | 2662 ||| Stepping ~*~*~tactically~*~*~ (hiding).
  2663 | D:4      | 2663 ||| Stepping ~*~*~tactically~*~*~ (hiding).
  2678 | D:4      | Reached skill level 1 in Dodging
  2758 | D:4      | 2758 ||| DROPPING +0 mace.
  2766 | D:4      | 2766 ||| Stepping ~*~*~tactically~*~*~ (stealth).
  2773 | D:4      | 2773 ||| Stepping ~*~*~tactically~*~*~ (stealth).
  2774 | D:4      | 2774 ||| Stepping ~*~*~tactically~*~*~ (stealth).
  2885 | D:4      | 2885 ||| Stepping ~*~*~tactically~*~*~ (stealth).
  3229 | D:4      | 3229 ||| READING 2 scrolls of identify.
  3229 | D:4      | 3229 ||| IDENTIFYING red potion
  3251 | D:5      | Entered Level 5 of the Dungeon
  3344 | D:5      | Noticed Ijyb
  3345 | D:5      | 3345 ||| Stepping ~*~*~tactically~*~*~ (hiding).
  3359 | D:5      | Killed Ijyb
  3372 | D:5      | Noticed Robin
  3380 | D:5      | Killed Robin
  3389 | D:5      | Reached skill level 6 in Axes
  3693 | D:5      | Reached XP level 7. HP: 40/43 MP: 7/7
  3854 | D:5      | Found a glowing golden altar of the Shining One.
  3891 | D:5      | Reached skill level 7 in Axes
  4403 | D:5      | 4403 ||| DROPPING +0 leather armour of fire resistance.
  4404 | D:5      | 4404 ||| UPGRADING to +0 helmet.
  4409 | D:5      | 4409 ||| UPGRADING to +0 chain mail.
  4419 | D:5      | 4419 ||| DROPPING +0 scale mail.
  4420 | D:5      | 4420 ||| UPGRADING to ring of protection from cold.
  4421 | D:5      | 4421 ||| READING scroll labelled RIUSHY DASUIFY.
  4422 | D:5      | 4422 ||| READING scroll labelled RIYNTO AKKESS.
  4422 | D:5      | Identified a scroll of acquirement
  4422 | D:5      | 4422 ||| ACQUIRING +1 buckler of the Orange Skies {Str+2}
  4422 | D:5      | Acquired the +1 buckler of the Orange Skies {Str+2}
  4424 | D:5      | 4424 ||| UPGRADING to +1 buckler of the Orange Skies
                  | {Str+2}.
  4434 | D:5      | 4434 ||| DROPPING +0 buckler.
  4435 | D:5      | 4435 ||| READING 4 scrolls of identify.
  4435 | D:5      | 4435 ||| IDENTIFYING glowing red potion
  4436 | D:5      | 4436 ||| READING 3 scrolls of identify.
  4436 | D:5      | 4436 ||| IDENTIFYING purple potion
  4437 | D:5      | 4437 ||| READING 2 scrolls of identify.
  4437 | D:5      | 4437 ||| IDENTIFYING pink potion
  4438 | D:5      | 4438 ||| DROPPING potion of invisibility.
  4443 | D:6      | 4443 ||| PLANNING OSSUARY
  4450 | D:6      | Reached XP level 8. HP: 50/50 MP: 8/8
  4474 | D:6      | 4474 ||| Stepping ~*~*~tactically~*~*~ (hiding).
  4491 | D:6      | 4491 ||| Stepping ~*~*~tactically~*~*~ (stealth).
  4493 | D:6      | 4493 ||| Stepping ~*~*~tactically~*~*~ (stealth).
  4662 | D:6      | Reached skill level 8 in Axes
  4723 | D:6      | Noticed Maggie
  4736 | D:6      | HP: 7/51 [Maggie/+0 war axe of flaming (7)]
  4737 | D:6      | 4737 ||| READING 2 scrolls of teleportation.
  4738 | D:6      | 4738 ||| DRINKING potion of heal wounds.
  4890 | D:6      | Found a sand-covered staircase.
  4891 | D:6      | 4891 ||| READING scroll labelled BYITZA RIJAAR.
  4900 | D:6      | 4900 ||| Stepping ~*~*~tactically~*~*~ (stealth).
  4904 | D:6      | Reached skill level 6 in Fighting
  4904 | D:6      | 4904 ||| Stepping ~*~*~tactically~*~*~ (hiding).
  4912 | D:6      | HP: 9/52 [Maggie/+0 war axe of flaming (7)]
  4913 | D:6      | 4913 ||| READING scroll of teleportation.
  4914 | D:6      | Slain by an iguana

Levels and vault maps discovered:
D:1:      roderic_crop_circles_arrival_small, layout_basic
D:2:      wad_pebble_path, layout_loops_cross, serial_shops, nicolae_shop_stone,
          shop
D:3:      layout_basic, uniq_terence
D:4:      layout_rooms, serial_curves, eino_curves_02, eino_curves_01
D:5:      layout_loops_corners, mainiacjoe_overflow_catwalk, nicolae_goblin_pals
D:6:      layout_loops_ring, minmay_temple_entry_slanted, enter_ossuary_1,
          dk_noncrumbling_2, st_stairs_1, minmay_liquid_box,
          minmay_manual_mares, uniq_sigmund, uniq_edmund, uniq_maggie

Skill      XL: |  1  2  3  4  5  6  7  8 |
---------------+-------------------------+-----
Axes           | 2 3 4 5 6 7 8 |  8.1
Fighting       | 4 5 6 |  6.3
Dodging        | 1 |  1.4
Armour         | |  3.2
Shields        | |  3.2

Action                     |  1- 3 |  4- 6 |  7- 9 || total
---------------------------+-------+-------+-------++-------
  Melee: War axe           |   117 |   242 |    94 ||   453
    Use: Scroll            |     4 |     6 |     8 ||    18
         Potion            |       |     1 |     1 ||     2
 Armour: Scale mail        |    61 |    87 |    17 ||   165
         Chain mail        |       |       |    32 ||    32
  Dodge: Dodged            |    61 |   147 |    56 ||   264
  Block: Buckler           |    18 |    56 |    27 ||   101

Table legend:
 A = Non-vault XP
 B = Vault XP
 C = Vault XP percentage of total XP
 D = Non-vault monster count
 E = Vault monster count
 F = Vault count percentage of total count
                 A         B        C        D         E       F
            +---------+---------+-------+---------+---------+-------
      Total |    1481 |     412 |  21.8 |     126 |      12 |   8.7
            +---------+---------+-------+---------+---------+-------
        D:1 |      55 |       0 |   0.0 |      34 |       0 |   0.0
        D:2 |      67 |       0 |   0.0 |      26 |       0 |   0.0
        D:3 |     152 |      32 |  17.4 |      27 |       1 |   3.6
        D:4 |     208 |       0 |   0.0 |      27 |       0 |   0.0
        D:5 |     533 |      61 |  10.3 |       8 |       7 |  46.7
        D:6 |     466 |     319 |  40.6 |       4 |       4 |  50.0
            +---------+---------+-------+---------+---------+-------
